 Dungeon Crawl Stone Soup version 0.30.0 (webtiles) character file.

Game seed: 8488821338812091982

141 Illumine the Gusty (level 5, -1/39 (40) HPs)
             Began as an Armataur Air Elementalist on May 6, 2023.
             Slain by a wight
             ... wielding a +0 mace
              (9 damage)
             ... in a sewer.
             The game lasted 00:06:48 (3000 turns).

Illumine the Gusty (Armataur Air Elementalist)      Turns: 3000, Time: 00:06:49

HP:   -1/39 (40)    AC:  4    Str: 13    XL:     5   Next: 3%
MP:   1/9           EV:  9    Int: 18    God:
Gold: 163           SH:  0    Dex: 10    Spells: 5/9 levels left

rFire   . . .        d - staff of air {!a}
rCold   . . .        (no shield)
rNeg    . . .        a - +0 robe
rPois   .            (no helmet)
rElec   +            (no cloak)
rCorr   .            (no gloves)
SInv    .            (no barding)
Will    .....        (no amulet)
Stlth   ++           (no ring)
HPRegen 0.26/turn    (no ring)
MPRegen 0.11/turn

%: roll
@: lightly drained
A: large, rugged brown scales 3, deformed body, armoured tail, roll, long
tongue, awkward tongue
a: no special abilities


You were in a sewer.
You visited 1 branch of the dungeon, and saw 3 of its levels.
You also visited: Sewer.

You collected 163 gold pieces.


Innate Abilities, Weirdness & Mutations

You are completely covered in rugged brown scales. (AC +3, +7% HP)
Armour fits poorly on your strangely shaped body.
You have a long armoured tail.
You roll when moving toward enemies. (Rampage)
Your long tongue fully drains potion bottles. (2x potion effects)
Your tongue gives you trouble enunciating. (1.5x scroll delay)


   Skills:
 + Level 1.0 Staves
 - Level 1.3 Dodging
 - Level 2.1 Stealth
 + Level 2.8 Spellcasting
 + Level 2.4 Conjurations
 + Level 3.6 Air Magic


You had 5 spell levels left.
You knew the following spells:

 Your Spells              Type           Power      Damage    Failure   Level
i - Swiftness             Air            23%        N/A       11%         3
z - Shock                 Conj/Air       80%        1d8       4%          1

Your spell library contained the following spells:

 Spells                   Type           Power      Damage    Failure   Level
 Static Discharge         Conj/Air       40%        2-4/arc   7%          2
 Beastly Appendage        Tmut           4%         N/A       17%         1
 Wereblood                Tmut           2%         N/A       26%         2
 Airstrike                Air            11%        2d(2-18)  36%         4
 Spider Form              Tmut/Pois      2%         N/A       45%         3

Inventory:

Missiles
 r - 5 poisoned darts
Armour
 a - a +0 robe (worn)
Magical Staves
 c - a staff of earth {!a}
 d - a staff of air (weapon) {!a}
Wands
 j - a wand of light (14)
Scrolls
 e - a scroll of vulnerability {unknown}
 f - a scroll of immolation {unknown}
 g - 2 scrolls of fog
 i - a scroll of brand weapon {unknown}
 m - a scroll of silence {unknown}
 o - a scroll of magic mapping {unknown}
 p - a scroll of fear {unknown}
Potions
 b - a potion of magic
 h - 3 potions of curing {@q1}
 k - 2 potions of heal wounds {@q2}
 l - a potion of brilliance {unknown}
 n - 2 potions of attraction {unknown}
 q - a potion of resistance {unknown}

Dungeon Overview and Level Annotations

Branches:
Dungeon (3/15)              Sewer (1/1)

Altars:
Wu Jian

#≈~.# ≈≈≈≈≈≈≈~.'
#≈≈.#≈≈≈≈≈≈≈≈≈≈≈≈~~.#
#≈~.#≈≈≈≈≈≈≈≈≈≈≈≈≈~.#
#≈~.#≈≈≈≈≈≈≈≈≈≈≈~~~.#
#≈~.#≈≈≈≈≈≈≈≈≈≈≈≈~..#
#≈~)# ~~≈≈~≈~≈~≈~... ≈
#≈≈)####≈#≈≈###≈#)### .#
#≈..#.........).).≈≈#...
#≈~....@.........≈≈≈~.).
#≈~.#...z.........≈≈#...
##.####≈##≈##≈###)### .#
#.~~≈≈≈≈≈≈≈≈≈≈≈≈~...#
#~~≈≈≈≈≈≈≈≈≈≈≈≈≈≈~..#
#~~.≈≈≈≈≈≈≈≈≈≈≈≈≈~~.#
#~≈≈~≈≈≈≈≈≈≈≈≈≈≈≈≈~.#
#≈≈≈≈≈≈≈≈≈≈≈≈≈≈≈≈≈~.#
#≈≈≈≈≈≈≈≈≈≈≈≈≈≈≈≈~≈.'


You could see a wight.


Message History

The wight is heavily damaged.
The wight hits you with a +0 mace!
You barely miss the wight.
The wight is heavily damaged.
The wight hits you with a +0 mace.
* * * LOW HITPOINT WARNING * * *
You feel drained.
* * * LOW HITPOINT WARNING * * *
The wight hits you with a +0 mace.
* * * LOW HITPOINT WARNING * * *
The wight closely misses you.
Casting: Shock (safe; 4% risk of failure)
Confirm with . or Enter, or press ? or * to list all spells.
Aiming: Shock (safe; 4% risk of failure)
Press: ? - help, Shift-Dir - straight line, p - wight You feel a surge of power!
The zap hits the wight but does no damage.
The wight is heavily damaged.
The zap misses the wight.
The wight hits you with a +0 mace.
* * * LOW HITPOINT WARNING * * *
Casting: Shock (safe; 4% risk of failure)
Confirm with . or Enter, or press ? or * to list all spells.
Aiming: Shock (safe; 4% risk of failure)
Press: ? - help, Shift-Dir - straight line You feel a surge of power!
The zap hits the wight.
The wight is severely damaged.
The zap hits the wight.
The wight is almost destroyed.
The wight hits you with a +0 mace!
You die...

Skill      XL: |  1  2  3  4 |
---------------+-------------+-----
Conjurations   | 1 2 |  2.4
Spellcasting   | 2 |  2.8
Air Magic      | 3 |  3.6
Staves         | 1 |  1.0
Dodging        | |  1.3
Stealth        | |  2.1

Action                     |  1- 3 |  4- 6 || total
---------------------------+-------+-------++-------
  Melee: Staff             |     6 |    24 ||    30
         Tailslap          |       |     4 ||     4
   Cast: Shock             |    96 |    65 ||   161
    Use: Scroll            |     4 |     1 ||     5
 Armour: Robe              |    11 |    16 ||    27
  Dodge: Dodged            |    14 |    23 ||    37

Levels and vault maps discovered:
D:1:      nzn_arrival_crosshair, layout_loops_ring,
          minmay_misc_feat_four_crosses
D:2:      layout_loops_ring, basic_altar, chequers_arboretum
D:3:      minmay_octagon_keep, layout_loops_ring,
          dreamdust_ecumenical_altar_statues, portal_sewer_entry_e,
          kennysheep_generic_room_6
Sewer:    kennysheep_sewer_church

Notes
Turn   | Place    | Note
-------+----------+-------------------------------------------
     0 | D:1      | Illumine the Armataur Air Elementalist began the quest for
                  | the Orb.
     0 | D:1      | Reached XP level 1. HP: 14/14 MP: 3/3
    15 | D:1      | Reached skill level 1 in Conjurations
   206 | D:1      | Reached skill level 2 in Spellcasting
   248 | D:1      | Reached XP level 2. HP: 21/21 MP: 1/5
   501 | D:1      | Reached skill level 3 in Air Magic
   902 | D:1      | Reached XP level 3. HP: 27/27 MP: 2/6
   943 | D:1      | Learned a level 3 spell: Swiftness
  1200 | D:2      | Identified a scroll of acquirement
  1226 | D:2      | Acquired a staff of air
  1355 | D:2      | Found an ornate altar of the Wu Jian Council.
  2079 | D:3      | Reached skill level 2 in Conjurations
  2182 | D:3      | Reached XP level 4. HP: 35/35 MP: 1/7
  2295 | D:3      | Found a faded altar of an unknown god.
  2505 | D:3      | Found a glowing drain.
  2517 | Sewer    | Entered a sewer
  2988 | Sewer    | Reached skill level 1 in Staves
  2988 | Sewer    | Reached XP level 5. HP: 40/40 MP: 5/9
  3000 | Sewer    | Slain by a wight

Vanquished Creatures
  An adder (D:3)
  A river rat (D:3)
  A shadow imp (Sewer)
  3 ufetubi (Sewer)
  2 adder zombies (Sewer)
  3 worms
  A dart slug (D:1)
  9 ball pythons
  6 endoplasms
  2 giant cockroaches
  6 goblins
  3 hobgoblins (D:1)
  6 jackals
  16 kobolds
  A quokka (D:1)
  11 bats
  2 frilled lizards
  4 rats
78 creatures vanquished.

Table legend: (Time is in decaauts)
 A = Elapsed time spent in this place.
 B = Non-inter-level travel time spent in this place.
 C = Inter-level travel time spent in this place.
 D = Time resting spent in this place.
 E = Time spent auto-exploring this place.
 F = Levels seen in this place.
 G = Mean time per level.
                   A        B        C        D        E       F      G
               +--------+--------+--------+--------+--------+-----+--------+
         Total |   3007 |   2981 |     26 |    633 |   1711 |   4 |  751.8 |
       Dungeon |   2521 |   2495 |     26 |    326 |   1654 |   3 |  840.3 |
         Sewer |    485 |    485 |      0 |    307 |     57 |   1 |  485.0 |
               +--------+--------+--------+--------+--------+-----+--------+

Top non-repeatable levels by time:
     D:1: 1102 daAuts
     D:2: 956 daAuts
   Sewer: 485 daAuts
     D:3: 462 daAuts

Table legend:
 A = Non-vault XP
 B = Vault XP
 C = Vault XP percentage of total XP
 D = Non-vault monster count
 E = Vault monster count
 F = Vault count percentage of total count
                 A         B        C        D         E       F
            +---------+---------+-------+---------+---------+-------
      Total |     106 |      96 |  47.5 |      51 |      27 |  34.6
            +---------+---------+-------+---------+---------+-------
        D:1 |      42 |       0 |   0.0 |      24 |       0 |   0.0
        D:2 |      27 |       0 |   0.0 |      15 |       0 |   0.0
        D:3 |      37 |      32 |  46.4 |      12 |      10 |  45.5
      Sewer |       0 |      64 | 100.0 |       0 |      17 | 100.0
            +---------+---------+-------+---------+---------+-------
